 Dungeon Crawl Stone Soup version 0.25.1-2-g60ff931df9 (webtiles) character file.

Game seed: 18348671184642108742

433 Curus the Slasher (level 6, -1/51 HPs)
             Began as a Minotaur Abyssal Knight on Sept 28, 2020.
             Was a Priest of Lugonu.
             Killed by nerve-wracking pain
             ... invoked by Menkaure
              (4 damage)
             ... on level 4 of the Dungeon.
             The game lasted 00:16:11 (3624 turns).

Curus the Slasher (Minotaur Abyssal Knight)         Turns: 3624, Time: 00:16:12

Health: -1/51      AC: 12    Str: 16    XL:     6   Next: 67%
Magic:  0/8        EV:  5    Int:  9    God:    Lugonu [***...]
Gold:   201        SH:  4    Dex: 12    Spells: 5/5 levels left

rFire    . . .     SeeInvis .   a - +4 falchion
rCold    . . .     Gourm    .   (no shield)
rNeg     + . .     Faith    .   e - +0 plate armour
rPois    .         Spirit   +   (helmet restricted)
rElec    .         Reflect  .   (no cloak)
rCorr    .         Harm     .   (no gloves)
MR       .....                  (no boots)
Stlth    ..........             g - amulet of guardian spirit
HPRegen  0.17/turn              l - ring of positive energy
MPRegen  0.11/turn              (no ring)

@: very slightly contaminated, invisible (expiring)
A: retaliatory headbutt, horns 2, large bone plates 1, screaming 1, shaggy fur
1, MP-powered wands
a: Depart the Abyss, Bend Space, Banish, Renounce Religion


You were on level 4 of the Dungeon.
You worshipped Lugonu.
Lugonu was most pleased with you.
You were not hungry.

You visited 1 branch of the dungeon, and saw 4 of its levels.
You visited the Abyss 1 time.

You collected 201 gold pieces.

Inventory:

Hand Weapons
 a - a +4 falchion (weapon)
Armour
 b - a +0 leather armour
 e - a +0 plate armour (worn)
Jewellery
 g - an amulet of guardian spirit (around neck)
 l - a ring of positive energy (left hand)
Scrolls
 d - 6 scrolls of identify
Potions
 f - a potion of ambrosia
 k - a potion of haste
 m - 2 potions of curing
Comestibles
 c - 9 rations


   Skills:
 - Level 3.6 Fighting
 + Level 6.3 Long Blades
 - Level 2.4 Armour
 - Level 1.1 Dodging
 + Level 5.2 Invocations


You had 5 spell levels left.
You didn't know any spells.
Your spell library was empty.

Dungeon Overview and Level Annotations

Branches:
Dungeon (4/15)
 Temple: D:4-7

Altars:
Xom
Zin

Annotations:
D:4 Menkaure


Innate Abilities, Weirdness & Mutations

You reflexively headbutt those who attack you in melee.
You have a pair of horns on your head.
You are partially covered in large bone plates. (SH +4)
You occasionally shout uncontrollably at your foes.
You are covered in fur. (AC +1)
You expend magic power (3 MP) to strengthen your wands.


Message History

A goblin opens the door.
A goblin comes into view. It is wielding a +0 club.
Okay, then.
Unknown command.
Unknown command.
You fade into invisibility!
You are very lightly contaminated with residual magic.
Menkaure calls on the powers of darkness!
You feel a surge of unholy energy. Menkaure hits you but does no damage.
Menkaure hits you but does no damage.
Menkaure is no longer moving quickly.
Menkaure casts a spell.
Menkaure seems to speed up.
You flicker for a moment.
Menkaure calls on the powers of darkness!
The goblin convulses!
You feel a surge of unholy energy.
Menkaure points at you and mumbles some strange words.
Pain shoots through your body!
You die...

..........#.##.#.##..#.##.
...........##.#.##.#).##.#
..........##.#.##.#..##.#.
.......†.##.#.##.#..##.#.#
####.....# #.#.##.#.#.#.##
#.....# ##.#.##.#.#.##.
##.....#####.#.##.#.##.#
..........# ##.#.## ##.#.
........@.# ##.#.###.#.#
#..........# ##.#.#.#.##
#..........# ##.#.#.##
........M.# ##.#.##
........g.# ##.##
.......gl.# ###
........W.# ..........#
..........##########


You could see a phantom, Menkaure (fast), 2 goblins and a frilled lizard.

Vanquished Creatures
  2 ogres (D:4)
  A scorpion (D:4)
  A worker ant (D:4)
  2 orc wizards
  5 adders
  An adder skeleton (D:4)
  3 dart slugs
  3 leopard geckos
  8 orcs
  A ball python (D:2)
  6 giant cockroaches
  6 goblins
  10 hobgoblins
  7 jackals
  2 quokkas
  4 bats
  A frilled lizard (D:1)
  8 kobolds
  5 rats
76 creatures vanquished.

Notes
Turn   | Place    | Note
-------+----------+-------------------------------------------
     0 | Abyss:1  | Curus the Minotaur Abyssal Knight began the quest for the
                  | Orb.
     0 | Abyss:1  | Reached XP level 1. HP: 19/19 MP: 1/1
    46 | D:1      | Escaped the Abyss
   365 | D:1      | Reached XP level 2. HP: 26/26 MP: 2/2
   443 | D:1      | Reached skill level 3 in Long Blades
  1083 | D:2      | Reached XP level 3. HP: 31/31 MP: 4/4
  1093 | D:2      | Reached ** piety under Lugonu
  1279 | D:2      | Gained mutation: You occasionally shout uncontrollably at
                  | your foes. [potion of mutation]
  1279 | D:2      | Gained mutation: You are partially covered in large bone
                  | plates. (SH +4) [potion of mutation]
  1279 | D:2      | Gained mutation: You are covered in fur. (AC +1) [potion of
                  | mutation]
  1279 | D:2      | Gained mutation: You expend magic power (3 MP) to
                  | strengthen your wands. [potion of mutation]
  1610 | D:2      | Found a glowing silver altar of Zin.
  1613 | D:2      | Noticed an angel
  1616 | D:2      | Found a shimmering altar of Xom.
  1994 | D:3      | Reached skill level 4 in Long Blades
  2103 | D:3      | Reached XP level 4. HP: 31/39 MP: 3/5
  2655 | D:3      | Reached XP level 5. HP: 45/45 MP: 6/6
  2913 | D:4      | Noticed an ogre
  2922 | D:4      | Killed an ogre
  2922 | D:4      | Reached skill level 5 in Long Blades
  3109 | D:4      | Noticed an ogre
  3120 | D:4      | HP: 2/67 [ogre/+0 giant club (3)]
  3121 | D:4      | Killed an ogre
  3121 | D:4      | Reached XP level 6. HP: 2/51 MP: 2/8
  3445 | D:4      | Reached skill level 6 in Long Blades
  3528 | D:4      | Reached skill level 5 in Invocations
  3534 | D:4      | Reached *** piety under Lugonu
  3598 | D:4      | Noticed Menkaure
  3613 | D:4      | HP: 1/51 [Menkaure/nerve-wracking pain (2)]
  3624 | D:4      | Killed from afar by Menkaure

Illustrated notes

Levels and vault maps discovered:
D:1:      minmay_arrival_three_doors, layout_loops_corners,
          grunt_decor_one_mirror
D:2:      layout_basic, grunt_temple_overflow_order_and_chaos_1, corexii_shack,
          chequers_serial_rivers_micro_a, minmay_pentomino_q4
D:3:      layout_basic, minmay_misc_feat_cross, columned_hall_lemuel
D:4:      minmay_inner_zag, layout_basic, vehumet_crystals, first_ration,
          corexii_checkpoint_a, uniq_menkaure

Skill      XL: |  1  2  3  4  5  6 |
---------------+-------------------+-----
Invocations    | 2 3 4 5 |  5.2
Long Blades    | 3 4 5 6 |  6.3
Fighting       | |  3.6
Armour         | |  2.4
Dodging        | |  1.1

Action                   |  1- 3 |  4- 6 || total
-------------------------+-------+-------++-------
Melee: Falchion          |   113 |   124 ||   237
       Headbutt          |     7 |    24 ||    31
Invok: Bend Space        |       |     1 ||     1
  Use: Potion            |     7 |     3 ||    10
       Scroll            |     8 |     6 ||    14
  Eat: Chunk             |     4 |     5 ||     9
Armor: Plate armour      |    71 |    79 ||   150
       Skin              |       |     1 ||     1
Dodge: Dodged            |    21 |    34 ||    55
Block: Other             |    10 |    24 ||    34
       Rpst.: Falchion   |     7 |     8 ||    15
